Map: New Gettysburg LE

Players

Fropez

  • Race: Protoss Protoss
  • League: Gold
  • Spawn Location: 7:00

Yony - Winner!

  • Race: Protoss Protoss
  • League: Gold
  • Spawn Location: 5:00

VOD

Have the link to the VOD?

Description

Time

  • Played on: Aug. 26, 2016, 2:39 p.m.
  • Length: 12:40
Show
View Real Time Build Order
Export as new Build Order

Fropez Protoss 

Build Orders: 1 Gate Expand 

Get SALT Encoding   

  12  0:01  Probe (Chrono Boost)  
  13  0:14  Pylon  
  13  0:22  Pylon, Probe (Chrono Boost)  
  13  0:25  Pylon  
  14  0:33  Probe (Chrono Boost)  
  15  0:44  Gateway  
  15  0:45  Probe (Chrono Boost)  
  16  0:55  Probe (Chrono Boost)  
  17  1:01  Pylon  
  17  1:21  Nexus  
  17  1:25  Assimilator  
  17  1:34  Cybernetics Core  
  17  1:58  Probe (Chrono Boost)  
  18  2:09  Probe (Chrono Boost)  
  18  2:12  Pylon  
  19  2:29  Probe (Chrono Boost)  
  20  2:32  Warp Gate (Chrono Boost)  
  20  2:33  Assimilator  
  20  2:40  Gateway  
  20  2:42  Probe  
  21  2:44  Probe  
  21  2:46  Gateway  
  21  2:48  Pylon  
  22  2:54  Adept, Probe  
  25  3:00  Probe  
  25  3:11  Assimilator  
  25  3:16  Twilight Council  
  25  3:20  Pylon, Mothership Core  
  27  3:29  Adept  
  27  3:34  Adept  
  31  3:37  Probe  
  32  3:47  Probe  
  33  4:13  Probe  
  33  4:14  Probe  
  35  4:19  Blink (Chrono Boost)  
  35  4:24  Pylon, Probe, Robotics Facility  
  35  4:29  Probe  
  37  4:35  Sentry  
  39  4:43  Probe  
  39  4:44  Probe  
  41  4:55  Probe, Gateway  
  41  4:59  Probe  
  42  5:06  Assimilator  
  43  5:07  Probe  
  43  5:09  Probe  
  43  5:10  Adept x2  
  43  5:14  Observer  
  44  5:50  Probe  
  44  5:52  Probe  
  46  5:59  Warp Prism  
  46  6:02  Probe  
  46  6:13  Pylon  
  46  6:17  Adept x3  
  46  6:18  Stalker  
  50  6:37  Probe  
  50  6:39  Probe  
  52  6:54  Probe  
  52  6:55  Nexus, Probe  
  54  7:01  Gateway  
  54  7:05  Gateway  
  54  7:12  Warp Prism  
  56  7:19  Gateway  
  56  7:21  Gateway  
  56  7:23  Resonating Glaives (Chrono Boost)  
  56  7:27  Probe  
  56  7:28  Probe  
  58  7:34  Adept x2  
  58  7:47  Probe  
  58  7:48  Probe  
  60  8:02  Probe  
  60  8:03  Probe  
  60  8:04  Pylon  
  61  8:10  Zealot  
  61  8:11  Zealot x5  
  73  8:29  Probe  
  73  8:30  Probe  
  75  8:35  Nexus  
  75  8:39  Assimilator  
  75  8:50  Probe  
  75  8:51  Probe  
  75  8:52  Templar Archives  
  77  9:07  Probe  
  77  9:08  Probe  
  73  9:11  Stalker x5  
  73  9:12  Stalker  
  81  9:24  Zealot x2  
  81  9:36  Stalker x2  
  85  9:43  Pylon  
  85  9:49  Probe x2, Psionic Storm  
  85  9:50  Probe  
  88  9:58  Observer  
  89  10:02  Pylon  
  89  10:04  Pylon  
  89  10:12  Zealot x4  
  89  10:13  Zealot x2  
  94  10:23  Zealot x2  
  87  10:49  Zealot x4  
  89  11:01  Adept x4  
  89  11:15  Adept x3  
  89  11:16  Adept  
  97  11:23  Probe  
  97  11:24  Probe  
  97  11:25  Probe  
  90  11:35  Gateway  
  90  11:38  Gateway  
  90  11:40  Gateway  
  90  11:45  High Templar x2  
  90  11:46  High Templar x6  
  104  11:52  Archon x3  
  104  11:53  Archon  
  104  11:54  Forge  
  104  11:57  Forge  
  104  12:03  Probe  
  104  12:04  Probe  
  106  12:10  Assimilator  
  106  12:20  Sentry x2  
  108  12:35  Adept x5  
  108  12:36  Adept  
Show
View Real Time Build Order
Export as new Build Order

Yony Protoss - Winner!

Build Orders: 1 Gate Expand 

Get SALT Encoding   

  12  0:01  Probe (Chrono Boost)  
  13  0:12  Probe (Chrono Boost)  
  14  0:19  Pylon  
  14  0:26  Probe (Chrono Boost)  
  15  0:39  Probe (Chrono Boost)  
  15  0:41  Gateway  
  16  0:47  Assimilator  
  17  0:50  Probe (Chrono Boost)  
  17  1:00  Probe (Chrono Boost)  
  18  1:29  Nexus  
  18  1:35  Cybernetics Core  
  18  1:36  Probe (Chrono Boost)  
  20  1:47  Probe (Chrono Boost)  
  20  1:48  Assimilator  
  20  2:06  Probe (Chrono Boost)  
  20  2:08  Pylon  
  21  2:17  Probe (Chrono Boost)  
  21  2:18  Warp Gate  
  22  2:26  Adept  
  22  2:27  Probe (Chrono Boost)  
  25  2:41  Probe (Chrono Boost)  
  25  2:42  Probe (Chrono Boost)  
  27  2:52  Pylon  
  27  2:55  Mothership Core (Chrono Boost)  
  27  2:56  Probe (Chrono Boost)  
  30  3:00  Robotics Facility  
  30  3:02  Gateway  
  30  3:14  Probe (Chrono Boost)  
  30  3:18  Probe (Chrono Boost)  
  30  3:19  Adept  
  34  3:33  Twilight Council  
  34  3:36  Gateway  
  34  3:38  Probe x2 (Chrono Boost)  
  35  3:50  Probe x2 (Chrono Boost)  
  35  3:52  Warp Prism  
  39  4:00  Probe (Chrono Boost)  
  40  4:07  Pylon  
  40  4:09  Probe (Chrono Boost)  
  41  4:14  Probe (Chrono Boost)  
  42  4:18  Charge  
  42  4:27  Probe (Chrono Boost)  
  42  4:28  Probe (Chrono Boost)  
  44  4:31  Adept  
  44  4:32  Adept  
  48  4:42  Probe (Chrono Boost)  
  48  4:43  Probe (Chrono Boost)  
  50  4:46  Assimilator  
  50  4:48  Assimilator  
  50  4:49  Observer  
  50  4:52  Probe (Chrono Boost)  
  52  4:53  Stalker x3  
  52  4:56  Probe (Chrono Boost)  
  59  5:03  Probe (Chrono Boost)  
  59  5:06  Probe (Chrono Boost)  
  61  5:13  Probe (Chrono Boost)  
  62  5:35  Pylon  
  62  5:39  Pylon  
  62  5:40  Pylon  
  62  5:53  Probe x2 (Chrono Boost)  
  64  6:03  Nexus  
  64  6:05  Assimilator  
  64  6:10  Assimilator  
  64  6:13  Pylon  
  64  6:14  Pylon  
  64  6:22  Stalker x2  
  64  6:23  Stalker  
  74  6:40  Immortal  
  74  6:47  Stalker  
  74  6:48  Stalker x2  
  80  6:55  Gateway  
  80  6:58  Gateway x2  
  80  7:02  Gateway  
  80  7:07  Pylon  
  80  7:09  Pylon  
  80  7:11  Probe x2 (Chrono Boost)  
  82  7:17  Stalker x3  
  88  7:27  Pylon  
  88  7:29  Pylon, Forge x2  
  88  7:30  Probe x3 (Chrono Boost)  
  91  7:37  Pylon  
  91  7:42  Pylon  
  91  7:51  Immortal  
  95  7:52  Stalker x3  
  101  8:19  Zealot  
  103  8:20  Zealot x2  
  103  8:25  Probe x3 (Chrono Boost)  
  110  8:33  Pylon  
  110  8:35  Pylon  
  110  8:38  Gateway  
  110  8:39  Gateway  
  110  8:40  Protoss Ground Armor Level 1  
  110  8:41  Gateway  
  110  8:42  Protoss Ground Weapons Level 1  
  110  8:50  Templar Archives  
  110  9:11  Gateway, Stalker x3, Zealot  
  110  9:12  Zealot x3  
  110  9:13  Gateway  
  124  9:36  Probe x3 (Chrono Boost)  
  127  9:43  Stalker x7  
  141  9:46  Psionic Storm  
  141  9:53  Probe x3 (Chrono Boost)  
  144  10:26  Stalker x2  
  144  10:27  Stalker x4  
  153  10:41  Zealot x3  
  157  10:54  Pylon  
  157  10:56  Pylon, Zealot x4  
  165  11:04  Pylon  
  165  11:07  Pylon  
  165  11:15  Pylon  
  165  11:17  Pylon  
  164  11:29  Stalker  
  164  11:30  Stalker x5  
  176  11:56  High Templar x5  
  176  11:57  High Templar x3  
  176  11:58  High Templar x2  
  176  12:00  Nexus  
Tags
 
Add a new tag
Caveats
  • Supply blocks, unpowered buildings, or Contaminate may cause inaccurate times.
  • Supply counts are checked every 10 seconds.